 Dungeon Crawl Stone Soup version 0.21-a0-538-gd16b88a (webtiles) character file.

40 slep the Skirmisher (level 3, -6/29 HPs)
             Began as a Demonspawn Fighter on Dec 17, 2017.
             Mangled by a gnoll
             ... wielding a +0 whip
              (10 damage)
             ... on level 1 of the Dungeon.
             The game lasted 00:02:31 (386 turns).

slep the Skirmisher (Demonspawn Fighter)             Turns: 386, Time: 00:02:31

Health: -6/29      AC:  6    Str: 16    XL:     3   Next: 30%
Magic:  3/3        EV:  9    Int:  9    God:
Gold:   0          SH:  0    Dex: 13    Spells: 2/2 levels left

rFire    . . .     SeeInvis .   a - +0 war axe
rCold    . . .     Gourm    .   (no shield)
rNeg     . . .     Faith    .   b - +0 scale mail
rPois    .         Spirit   .   (helmet restricted)
rElec    .         Reflect  .   (no cloak)
rCorr    .         Harm     .   (no gloves)
MR       .....                  (no boots)
Stlth    ..........             (no amulet)
HPRegen  0.09/turn              (no ring)
MPRegen  0.08/turn              (no ring)

@: no status effects
A: antennae 1, demonic guardian 1
a: no special abilities


You were on level 1 of the Dungeon.
You were not hungry.

You visited 1 branch of the dungeon, and saw 1 of its levels.

Inventory:

Hand Weapons
 a - a +0 war axe (weapon)
Missiles
 c - 5 tomahawks (quivered)
Armour
 b - a +0 scale mail (worn)
Scrolls
 h - a scroll of teleportation {unknown}
 l - a scroll of random uselessness {unknown}
 m - a scroll of identify {unknown}
 n - a scroll of fear {unknown}
Potions
 d - a potion of might
 e - a potion of mutation {unknown}
 g - a potion of degeneration {unknown}
 i - a potion of resistance {unknown}
 k - a potion of heal wounds {unknown}
 o - a potion of curing {unknown}
Comestibles
 f - a bread ration
 j - 2 meat rations


   Skills:
 + Level 3.4 Fighting
 + Level 2.3 Axes
 + Level 3.1 Armour
 + Level 0.6 Dodging
   Level 2.6 Shields


You had 2 spell levels left.
You didn't know any spells.

Dungeon Overview and Level Annotations

Branches:
Dungeon (1/15)

Altars:


Innate Abilities, Weirdness & Mutations

You have a pair of small antennae on your head.
A weak demonic guardian rushes to your aid.


Message History

The dart slug bites you but does no damage.
You hit the dart slug.
The dart slug is almost dead.
The dart slug barely misses you.
You hit the dart slug.
You kill the dart slug!
m - a scroll labeled DEXZOD MIFRINE A gnoll comes into view.
It is wielding a whip.
The gnoll shouts!
You see here a scroll labeled BENWA DU HOFUCS.
The teleport trap disappears.
The gnoll disappears!
n - a scroll labeled BENWA DU HOFUCS
o - a glowing coppery potion The gnoll is too close now for your liking.
You closely miss the gnoll. The gnoll hits you with a whip!
* * * LOW HITPOINT WARNING * * *
You closely miss the gnoll. The gnoll hits you with a whip.
* * * LOW HITPOINT WARNING * * *
The gnoll hits you with a whip!
You die...

#...#..# #### #.
+.<.'..# ##...##
#..#...#..# #.....#
#..##.##((# #......
#...###((.##
#.....#####...........
....... ......))....
## #...##............#
#.###@g...#####.#.####
#.#...#### #......#
#..#.## #.#.....
#..#.# #.####.. #..#.#
# #.. #..#.. ##.
#####..####### #.
#............# #.
#.###..#####.# #.


You could see a gnoll.

Vanquished Creatures
  3 dart slugs (D:1)
  7 bats (D:1)
  2 giant cockroaches (D:1)
  A goblin (D:1)
  4 hobgoblins (D:1)
  8 jackals (D:1)
  4 kobolds (D:1)
  2 rats (D:1)
31 creatures vanquished.

Notes
Turn   | Place    | Note
-------+----------+-------------------------------------------
     0 | D:1      | slep the Demonspawn Fighter began the quest for the Orb.
     0 | D:1      | Reached XP level 1. HP: 18/18 MP: 1/1
    22 | D:1      | Gained mutation: A weak demonic guardian rushes to your aid. [demonic ancestry]
    22 | D:1      | Reached XP level 2. HP: 23/24 MP: 2/2
   263 | D:1      | Gained mutation: You have a pair of small antennae on your head. [demonic ancestry]
   263 | D:1      | Reached XP level 3. HP: 18/29 MP: 3/3
   386 | D:1      | Mangled by a gnoll

Vault maps used:
D:1:      dpeg_arrival_shelter, minivault_4, st_stairs_10

Skill      XL: |  1  2 |
---------------+-------+-----
Armour         | 3 |  3.1
Axes           | 2 |  2.3
Fighting       | |  3.4
Dodging        | |  0.6
Shields        | |  2.6

Action                   || total
-------------------------++-------
Melee: War axe           ||   116
Armor: Scale mail        ||    69
Dodge: Dodged            ||    87

Table legend:
 A = Spawn XP
 B = Non-spawn XP
 C = Spawn XP percentage of total XP
 D = Spawn monster count
 E = Non-spawn monster count
 F = Spawn count percentage of total count
 G = Total turns spent on level
                    A         B        C        D         E        F      G
               +---------+---------+-------+---------+---------+-------+---------
         Total |       0 |      58 |   0.0 |       0 |      31 |   0.0 |   386
               +---------+---------+-------+---------+---------+-------+---------
           D:1 |       0 |      58 |   0.0 |       0 |      31 |   0.0 |   386
               +---------+---------+-------+---------+---------+-------+---------
